Map: Romanticide LE

Players

Massa - Winner!

  • Race: Terran Terran
  • League: Platinum
  • Spawn Location: 5:00

ToiletDive

  • Race: Terran Terran
  • League: Bronze
  • Spawn Location: 11:00

VOD

Have the link to the VOD?

Description

Time

  • Played on: Jan. 16, 2021, 5 a.m.
  • Length: 2:40
Show
View Real Time Build Order
Export as new Build Order

Massa Terran - Winner!

Build Orders:  

Get SALT Encoding   

  12  0:00  SCV  
  13  0:12  SCV  
  14  0:19  Supply Depot  
  14  0:24  SCV  
  15  0:41  SCV  
  15  0:42  Barracks  
  16  0:47  Refinery  
  16  0:53  SCV  
  17  1:05  SCV  
  18  1:17  SCV  
  19  1:30  Orbital Command  
  19  1:35  Barracks Reactor  
  19  1:45  Command Center  
  19  1:56  SCV  
  20  2:15  SCV  
  20  2:19  Marine x2  
  22  2:26  Supply Depot  
  22  2:28  SCV  
  23  2:31  Factory  
Show
View Real Time Build Order
Export as new Build Order

ToiletDive Terran 

Build Orders:  

Get SALT Encoding   

  12  0:03  SCV  
  13  0:15  SCV  
  14  0:21  Supply Depot  
  14  0:27  SCV  
  15  0:34  Refinery  
  15  0:43  SCV  
  15  0:46  Barracks  
  16  0:55  SCV  
  17  0:58  Refinery  
  17  1:07  SCV  
  18  1:17  Supply Depot  
  18  1:19  SCV  
  19  1:31  SCV  
  20  1:37  Marine  
  21  1:43  SCV, Factory  
  22  1:55  SCV  
  22  1:56  Marine  
  24  2:12  Orbital Command  
  24  2:14  Marine  
  25  2:28  Factory Tech Lab  
  25  2:31  Starport  
Tags
 
Matchup
TvT
Race
Terran
Replay Pack
Multiplayer
Spawn Locations
Cross Positions
Add a new tag
Caveats
  • Supply blocks, unpowered buildings, or Contaminate may cause inaccurate times.
  • Supply counts are checked every 10 seconds.